Senators vs MapleLeafs

Created - November 5, 2015 at 17:41

Goals
1 2 3 T
Senators 2 0 1 3
MapleLeafs 1 0 0 1
Shots
1 2 3 T
Senators 13 15 10 38
MapleLeafs 5 7 13 25

1st period

1. Senators , Pascal Dupuis 3 (Mark Stone, Sidney Crosby) at 5:24
2. MapleLeafs , Milan Lucic 3 (Travis Hamonic, Michael Del Zotto) at 9:41
3. Senators , Mika Zibanejad 5 (Mike Hoffman, Sergei Gonchar) at 18:13 (PP)

Penalties :
Devante Smith-Pelly (TOR) for Unsportsmanlike conduct (Major / Game Misconduct) at 15:53

2nd period

No Goal

Penalties :
No Penalty

3rd period

4. Senators , Pavel Datsyuk 7 (Mika Zibanejad) at 12:58

Penalties :
Brock Nelson (TOR) for High sticking (Minor) at 3:43, Mika Zibanejad (OTT) for Roughing (Minor) at 14:45

Goalie Stats

Tuukka Rask (OTT), 24 saves from 25 shots - (0.960), W, 3-2-0, 60:00 minutes
Petr Mrazek (TOR), 35 saves from 38 shots - (0.921), L, 3-7-0, 60:00 minutes

Players Stats for Senators

Player Name              G  A  P  +/- PIM S  H  SB GA TA FO     MP     PP MP  PK MP  
------------------------------------------------------------------------------------
Chris Phillips           0  0  0   0  0   0  2  0  0  0  0/0    11:21   0:00   0:44 
Duncan Keith             0  0  0   1  0   2  1  0  0  0  0/0    20:59   0:00   0:00 
Jan Hejda                0  0  0   1  0   0  4  0  0  0  0/0    23:42   3:18   1:15 
Jared Cowen              0  0  0  -1  0   3  2  1  0  0  0/0    28:14   3:14   0:44 
Jason Garrison           0  0  0   1  0   1  0  1  0  0  0/0    24:10   3:40   1:15 
Marc Staal               0  0  0   0  0   0  0  0  0  0  0/0     0:58   0:00   0:00 
Mark Stone               0  1  1   1  0   3  0  0  0  0  0/0    23:49   3:34   0:00 
Marko Dano               0  0  0   0  0   1  1  0  0  0  9/16   15:27   0:00   1:08 
Matt Read                0  0  0   0  0   0  0  0  0  0  1/2     4:17   0:00   0:51 
Mika Zibanejad           1  1  2   0  2   3  2  0  0  0  0/0    20:02   3:34   0:00 
Mike Hoffman             0  1  1   0  0   2  0  0  0  0  11/32  20:03   3:34   0:00 
Milan Michalek           0  0  0   0  0   1  0  1  0  0  0/0    10:57   0:00   0:00 
Pascal Dupuis            1  0  1   1  0   5  2  0  0  0  0/0    23:39   3:24   0:00 
Pavel Datsyuk            1  0  1   0  0   8  0  0  0  0  1/1    24:06   3:24   0:51 
Rob Scuderi              0  0  0   1  0   0  0  1  0  0  0/0     2:15   0:00   0:00 
Sergei Gonchar           0  1  1  -1  0   1  0  0  0  0  0/0     8:21   3:44   0:00 
Sidney Crosby            0  1  1   1  0   4  0  0  0  0  21/34  23:39   3:24   0:00 
Steve Bernier            0  0  0   0  0   4  1  0  0  0  0/0    12:01   0:00   1:08 

Players Stats for MapleLeafs

Player Name              G  A  P  +/- PIM S  H  SB GA TA FO     MP     PP MP  PK MP  
------------------------------------------------------------------------------------
Antoine Roussel          0  0  0  -1  0   0  2  0  0  0  2/10   15:26   0:00   1:35 
Brock Nelson             0  0  0   1  2   1  1  0  0  0  13/24  19:55   1:08   2:25 
David Clarkson           0  0  0  -1  0   1  0  1  0  0  0/2    14:06   0:11   0:00 
Devante Smith-Pelly      0  0  0   0  15  0  0  0  0  0  0/1     4:33   0:00   0:00 
Eric Gelinas             0  0  0  -1  0   1  1  0  0  0  0/0    15:26   0:11   0:56 
Jay Bouwmeester          0  0  0   0  0   1  3  0  0  0  0/0    22:34   0:51   3:36 
Jiri Sekac               0  0  0  -1  0   1  0  0  0  0  1/1     5:28   0:00   0:00 
Linden Vey               0  0  0  -1  0   0  0  0  0  0  0/1     5:28   0:00   0:00 
Marcus Johansson         0  0  0   1  0   3  0  0  0  0  1/6    20:55   1:08   2:58 
Matt Martin              0  0  0  -1  0   0  3  0  0  0  0/2    21:51   0:40   0:00 
Michael Del Zotto        0  1  1   1  0   0  0  3  0  0  0/0    10:59   0:00   2:26 
Michael Grabner          0  0  0   0  0   5  0  0  0  0  1/2    21:35   0:51   3:26 
Milan Lucic              1  0  1   0  0   3  2  0  0  0  10/12  25:34   1:08   3:32 
Nick Holden              0  0  0  -2  0   1  3  1  0  0  0/0    19:54   0:57   0:00 
Nick Leddy               0  0  0   0  0   3  0  3  0  0  0/0    22:34   0:51   3:36 
Nikita Nikitin           0  0  0   0  0   0  0  0  0  0  0/0     3:18   0:00   0:00 
Riley Sheahan            0  0  0   0  0   3  0  0  0  0  14/24  18:09   0:51   0:00 
Travis Hamonic           0  1  1   0  0   2  3  1  0  0  0/0    25:15   1:08   3:22 

3 Stars

1 - Tuukka Rask (OTT)
2 - Pascal Dupuis (OTT)
3 - Mika Zibanejad (OTT)

Power Play

Senators - 1 on 3 Attempt(s) - 33.33%
MapleLeafs - 0 on 1 Attempt(s) - 0.00%

Penalty Kill

Senators - 1 on 1 Attempt(s) - 100.00% - Score 0 goal in Penalty Kill
MapleLeafs - 2 on 3 Attempt(s) - 66.67% - Score 0 goal in Penalty Kill

Team Stat

Senators - Hits : 15 - Faceoff Wins : 43 - Blocked Shots : 4 - Penalty Minutes : 2
MapleLeafs - Hits : 18 - Faceoff Wins : 42 - Blocked Shots : 9 - Penalty Minutes : 17

Official

Referees : Darcy Burchell and Tim Peel
Linesman : Thor Nelson and Scott Cherrey

Game Notes

Rob Scuderi is injured at 6:21 of 1st period (Bruised Left Arm)
Devante Smith-Pelly ejected from game at 15:53 of 1st period
Michael Del Zotto is injured at 10:44 of 2nd period (Right Hand)

Finance

Level 1 -- Attendance: 6500 (100.00%) -- Ticket Income $689,000
Level 2 -- Attendance: 4503 (90.06%) -- Ticket Income $369,246
Level 3 -- Attendance: 2348 (67.09%) -- Ticket Income $159,664
Level 4 -- Attendance: 1507 (53.46%) -- Ticket Income $87,406
Luxury Box -- Attendance: 1000 (100.00%) -- Ticket Income $208,000
Game was played at the Air Canada Center.
Total Attendance: 15858 (84.27%)
Total Ticket Income: $1,513,316
Other Income: $226,997
Total Income: $1,740,313

% Time on Ice - Senators

Lines # - Real PCT - Wanted PCT - Time Play
Normal Forward
1 - 40% - 36% - 20:15
2 - 32% - 34% - 16:29
3 - 21% - 20% - 10:53
4 - 7% - 10% - 3:26
Normal Defense
1 - 43% - 36% - 21:57
2 - 27% - 34% - 13:56
3 - 21% - 20% - 10:33
4 - 9% - 10% - 4:37
PP Forward
1 - 51% - 50% - 3:34
2 - 49% - 50% - 3:24
PP Defense
1 - 66% - 50% - 4:35
2 - 34% - 50% - 2:23
PK Forward
1 - 43% - 50% - 0:51
2 - 57% - 50% - 1:08
PK Defense
1 - 63% - 50% - 1:15
2 - 37% - 50% - 0:44
PK3 Forward
1 - 0% - 50%
2 - 0% - 50%
PK3 Defense
1 - 0% - 50%
2 - 0% - 50%
44 Forward
1 - 0% - 52%
2 - 0% - 48%
44 Defense
1 - 0% - 52%
2 - 0% - 48%
Last Minute Offensive  - 0:00
Last Minute Defensive  - 0:00
Total
Forward - 60:00
Defense - 60:00

% Time on Ice - MapleLeafs

Lines # - Real PCT - Wanted PCT - Time Play
Normal Forward
1 - 32% - 36% - 16:23
2 - 34% - 32% - 17:18
3 - 23% - 24% - 11:54
4 - 11% - 8% - 5:28
Normal Defense
1 - 35% - 36% - 18:02
2 - 35% - 32% - 18:07
3 - 24% - 24% - 12:00
4 - 6% - 8% - 2:54
PP Forward
1 - 57% - 55% - 1:08
2 - 43% - 45% - 0:51
PP Defense
1 - 57% - 60% - 1:08
2 - 43% - 40% - 0:51
PK Forward
1 - 51% - 50% - 3:32
2 - 49% - 50% - 3:26
PK Defense
1 - 48% - 55% - 3:22
2 - 52% - 45% - 3:36
PK3 Forward
1 - 0% - 56%
2 - 0% - 44%
PK3 Defense
1 - 0% - 60%
2 - 0% - 40%
44 Forward
1 - 0% - 55%
2 - 0% - 45%
44 Defense
1 - 0% - 60%
2 - 0% - 40%
Last Minute Offensive  - 0:00
Last Minute Defensive  - 0:00
Total
Forward - 60:00
Defense - 60:00

Play by Play

1st period


0:01 of 1st period - Marcus Johansson wins face-off versus Sidney Crosby in neutral zone.
0:26 of 1st period - Shot by Marcus Johansson.
0:26 of 1st period - Deflect By Brock Nelson.
0:26 of 1st period - Shot Misses the Net.
1:25 of 1st period - Shot by Riley Sheahan.
1:25 of 1st period - Shot Misses the Net.
1:27 of 1st period - Shot by Nick Leddy.
1:27 of 1st period - Shot Misses the Net.
2:51 of 1st period - Matt Martin is hit by Chris Phillips and loses puck.
2:59 of 1st period - Antoine Roussel is hit by Chris Phillips and loses puck.
3:15 of 1st period - Icing by Travis Hamonic.
3:16 of 1st period - Sidney Crosby wins face-off versus Linden Vey in MapleLeafs zone.
3:16 of 1st period - Sidney Crosby is hit by Travis Hamonic.
3:22 of 1st period - Shot by Sidney Crosby.
3:22 of 1st period - Stopped by Petr Mrazek without a rebound.
3:23 of 1st period - Brock Nelson wins face-off versus Sidney Crosby in MapleLeafs zone.
3:33 of 1st period - Icing by Travis Hamonic.
3:34 of 1st period - Mike Hoffman wins face-off versus Brock Nelson in MapleLeafs zone.
3:44 of 1st period - Milan Lucic is hit by Mika Zibanejad.
4:27 of 1st period - Jan Hejda is hit by Jay Bouwmeester and loses puck.
4:46 of 1st period - Shot by Michael Grabner.
4:46 of 1st period - Stopped by Tuukka Rask without a rebound.
4:47 of 1st period - Sidney Crosby wins face-off versus Antoine Roussel in Senators zone.
4:52 of 1st period - Shot by Mark Stone.
4:52 of 1st period - Stopped by Petr Mrazek without a rebound.
4:53 of 1st period - Sidney Crosby wins face-off versus Antoine Roussel in MapleLeafs zone.
5:24 of 1st period - Shot by Pascal Dupuis.
5:24 of 1st period - Goal by Pascal Dupuis - Senators : 1 - MapleLeafs : 0.
5:25 of 1st period - Marko Dano wins face-off versus Riley Sheahan in neutral zone.
5:56 of 1st period - Shot by Nick Leddy.
5:56 of 1st period - Stopped by Tuukka Rask without a rebound.
5:57 of 1st period - Milan Lucic wins face-off versus Sidney Crosby in Senators zone.
5:57 of 1st period - Milan Lucic is hit by Duncan Keith.
6:21 of 1st period - Shot by Linden Vey.
6:21 of 1st period - Shot Blocked by Rob Scuderi.
6:21 of 1st period - Rob Scuderi from Senators is injured at 6:21 of 1st period (Bruised Left Arm).
6:22 of 1st period - Marko Dano wins face-off versus Antoine Roussel in Senators zone.
6:39 of 1st period - Marko Dano is hit by Matt Martin.
7:05 of 1st period - David Clarkson is hit by Marko Dano.
7:39 of 1st period - Sidney Crosby is hit by Nick Holden.
8:13 of 1st period - Shot by Pavel Datsyuk.
8:13 of 1st period - Stopped by Petr Mrazek without a rebound.
8:14 of 1st period - Riley Sheahan wins face-off versus Marko Dano in MapleLeafs zone.
8:29 of 1st period - Duncan Keith is hit by Jay Bouwmeester and loses puck.
8:38 of 1st period - Shot by Steve Bernier.
8:38 of 1st period - Stopped by Petr Mrazek without a rebound.
8:39 of 1st period - Mike Hoffman wins face-off versus Brock Nelson in MapleLeafs zone.
8:40 of 1st period - Shot by Pavel Datsyuk.
8:40 of 1st period - Stopped by Petr Mrazek with a rebound.
8:55 of 1st period - Shot by Milan Lucic.
8:55 of 1st period - Stopped by Tuukka Rask without a rebound.
8:56 of 1st period - Sidney Crosby wins face-off versus Riley Sheahan in Senators zone.
9:16 of 1st period - Off-side.
9:17 of 1st period - Mike Hoffman wins face-off versus Brock Nelson in neutral zone.
9:22 of 1st period - Off-side.
9:23 of 1st period - Mike Hoffman wins face-off versus Brock Nelson in neutral zone.
9:41 of 1st period - Shot by Milan Lucic.
9:41 of 1st period - Goal by Milan Lucic - Senators : 1 - MapleLeafs : 1.
9:42 of 1st period - Sidney Crosby wins face-off versus Devante Smith-Pelly in neutral zone.
9:57 of 1st period - Shot by Mark Stone.
9:57 of 1st period - Stopped by Petr Mrazek without a rebound.
9:58 of 1st period - Milan Lucic wins face-off versus Mike Hoffman in MapleLeafs zone.
11:05 of 1st period - Shot by Sidney Crosby.
11:05 of 1st period - Stopped by Petr Mrazek without a rebound.
11:06 of 1st period - Marko Dano wins face-off versus Antoine Roussel in MapleLeafs zone.
11:23 of 1st period - Shot by Milan Michalek.
11:23 of 1st period - Shot Misses the Net.
11:25 of 1st period - Shot by Duncan Keith.
11:25 of 1st period - Shot Misses the Net.
11:35 of 1st period - Shot by Marko Dano.
11:35 of 1st period - Deflect By Steve Bernier.
11:35 of 1st period - Shot Blocked by David Clarkson.
11:37 of 1st period - Shot by Milan Michalek.
11:37 of 1st period - Shot Misses the Net.
11:39 of 1st period - Shot by Milan Michalek.
11:39 of 1st period - Shot Blocked by Nick Holden.
11:59 of 1st period - Jared Cowen is hit by Matt Martin and loses puck.
12:53 of 1st period - Shot by Pavel Datsyuk.
12:53 of 1st period - Shot Misses the Net.
13:10 of 1st period - Pavel Datsyuk is hit by Nick Holden.
13:29 of 1st period - Icing by Jason Garrison.
13:30 of 1st period - Marko Dano wins face-off versus Brock Nelson in Senators zone.
13:30 of 1st period - Marko Dano is hit by Brock Nelson.
13:43 of 1st period - Icing by Jan Hejda.
13:44 of 1st period - Riley Sheahan wins face-off versus Marko Dano in Senators zone.
13:47 of 1st period - Shot by Michael Grabner.
13:47 of 1st period - Stopped by Tuukka Rask without a rebound.
13:48 of 1st period - Riley Sheahan wins face-off versus Sidney Crosby in Senators zone.
13:48 of 1st period - Jay Bouwmeester is hit by Jared Cowen and loses puck.
15:13 of 1st period - Icing by Travis Hamonic.
15:14 of 1st period - Mike Hoffman wins face-off versus Brock Nelson in MapleLeafs zone.
15:53 of 1st period - Major / Game Misconduct Penalty to Devante Smith-Pelly for Unsportsmanlike conduct.
15:53 of 1st period - Devante Smith-Pelly is ejected from game.
15:54 of 1st period - Sidney Crosby wins face-off versus Marcus Johansson in MapleLeafs zone.
16:01 of 1st period - Shot by Pavel Datsyuk.
16:01 of 1st period - Shot Misses the Net.
16:03 of 1st period - Shot by Jason Garrison.
16:03 of 1st period - Shot Misses the Net.
16:05 of 1st period - Shot by Sergei Gonchar.
16:05 of 1st period - Stopped by Petr Mrazek without a rebound.
16:06 of 1st period - Milan Lucic wins face-off versus Mike Hoffman in MapleLeafs zone.
16:58 of 1st period - Icing by Jan Hejda.
16:59 of 1st period - Sidney Crosby wins face-off versus Milan Lucic in Senators zone.
16:59 of 1st period - Sidney Crosby is hit by Milan Lucic.
18:13 of 1st period - Shot by Mika Zibanejad.
18:13 of 1st period - Goal by Mika Zibanejad - Senators : 2 - MapleLeafs : 1.
18:14 of 1st period - Mike Hoffman wins face-off versus Marcus Johansson in neutral zone.
18:40 of 1st period - Shot by Mika Zibanejad.
18:40 of 1st period - Shot Blocked by Nick Leddy.
18:47 of 1st period - Icing by Jan Hejda.
18:48 of 1st period - Mike Hoffman wins face-off versus Milan Lucic in Senators zone.
19:35 of 1st period - Shot by Pascal Dupuis.
19:35 of 1st period - Stopped by Petr Mrazek without a rebound.
19:36 of 1st period - Sidney Crosby wins face-off versus Marcus Johansson in MapleLeafs zone.
19:55 of 1st period - Shot by Pavel Datsyuk.
19:55 of 1st period - Shot Misses the Net.
19:57 of 1st period - Shot by Jason Garrison.
19:57 of 1st period - Stopped by Petr Mrazek with a rebound.
19:59 of 1st period - Shot by Pavel Datsyuk.
19:59 of 1st period - Stopped by Petr Mrazek without a rebound.
Goals for this period are 2 for Senators vs 1 for MapleLeafs.
Shots for this period are 13 for Senators vs 5 for MapleLeafs.

2nd period


0:01 of 2nd period - Milan Lucic wins face-off versus Mike Hoffman in neutral zone.
0:32 of 2nd period - Shot by Mark Stone.
0:32 of 2nd period - Stopped by Petr Mrazek without a rebound.
0:33 of 2nd period - Michael Grabner wins face-off versus Sidney Crosby in MapleLeafs zone.
0:33 of 2nd period - Michael Grabner is hit by Pascal Dupuis.
1:16 of 2nd period - Shot by Milan Michalek.
1:16 of 2nd period - Stopped by Petr Mrazek with a rebound.
1:30 of 2nd period - Shot by Steve Bernier.
1:30 of 2nd period - Shot Misses the Net.
1:32 of 2nd period - Shot by Duncan Keith.
1:32 of 2nd period - Stopped by Petr Mrazek with a rebound.
1:53 of 2nd period - Brock Nelson is hit by Jan Hejda and loses puck.
2:03 of 2nd period - Off-side.
2:04 of 2nd period - Sidney Crosby wins face-off versus Riley Sheahan in neutral zone.
2:04 of 2nd period - Mark Stone is hit by Antoine Roussel and loses puck.
2:15 of 2nd period - Shot by Riley Sheahan.
2:15 of 2nd period - Stopped by Tuukka Rask with a rebound.
2:17 of 2nd period - Shot by Nick Leddy.
2:17 of 2nd period - Stopped by Tuukka Rask without a rebound.
2:18 of 2nd period - Brock Nelson wins face-off versus Mike Hoffman in Senators zone.
2:25 of 2nd period - Shot by Milan Lucic.
2:25 of 2nd period - Shot Misses the Net.
2:27 of 2nd period - Shot by Milan Lucic.
2:27 of 2nd period - Stopped by Tuukka Rask without a rebound.
2:28 of 2nd period - Riley Sheahan wins face-off versus Sidney Crosby in Senators zone.
2:35 of 2nd period - Shot by Michael Grabner.
2:35 of 2nd period - Shot Misses the Net.
2:37 of 2nd period - Shot by Riley Sheahan.
2:37 of 2nd period - Stopped by Tuukka Rask without a rebound.
2:38 of 2nd period - Brock Nelson wins face-off versus Mike Hoffman in Senators zone.
2:44 of 2nd period - Icing by Chris Phillips.
2:45 of 2nd period - Mike Hoffman wins face-off versus Michael Grabner in Senators zone.
2:52 of 2nd period - Shot by Pavel Datsyuk.
2:52 of 2nd period - Stopped by Petr Mrazek with a rebound.
3:12 of 2nd period - Icing by Jared Cowen.
3:13 of 2nd period - Brock Nelson wins face-off versus Mike Hoffman in Senators zone.
3:18 of 2nd period - Shot by Marcus Johansson.
3:18 of 2nd period - Stopped by Tuukka Rask without a rebound.
3:19 of 2nd period - Brock Nelson wins face-off versus Sidney Crosby in Senators zone.
3:19 of 2nd period - Brock Nelson is hit by Jan Hejda.
3:38 of 2nd period - Shot by Jason Garrison.
3:38 of 2nd period - Shot Blocked by Michael Del Zotto.
3:40 of 2nd period - Shot by Sidney Crosby.
3:40 of 2nd period - Deflect By Pascal Dupuis.
3:40 of 2nd period - Stopped by Petr Mrazek without a rebound.
3:41 of 2nd period - Riley Sheahan wins face-off versus Marko Dano in MapleLeafs zone.
4:18 of 2nd period - Shot by Matt Read.
4:18 of 2nd period - Shot Blocked by Nick Leddy.
4:20 of 2nd period - Shot by Jared Cowen.
4:20 of 2nd period - Stopped by Petr Mrazek without a rebound.
4:21 of 2nd period - Brock Nelson wins face-off versus Sidney Crosby in MapleLeafs zone.
5:35 of 2nd period - Shot by Pavel Datsyuk.
5:35 of 2nd period - Shot Blocked by Michael Del Zotto.
5:37 of 2nd period - Shot by Duncan Keith.
5:37 of 2nd period - Shot Blocked by Travis Hamonic.
5:39 of 2nd period - Shot by Pavel Datsyuk.
5:39 of 2nd period - Shot Blocked by Michael Del Zotto.
5:41 of 2nd period - Shot by Duncan Keith.
5:41 of 2nd period - Shot Misses the Net.
5:43 of 2nd period - Shot by Duncan Keith.
5:43 of 2nd period - Stopped by Petr Mrazek without a rebound.
5:44 of 2nd period - Riley Sheahan wins face-off versus Marko Dano in MapleLeafs zone.
6:51 of 2nd period - Shot by Mike Hoffman.
6:51 of 2nd period - Shot Misses the Net.
6:54 of 2nd period - Icing by Eric Gelinas.
6:55 of 2nd period - Sidney Crosby wins face-off versus David Clarkson in MapleLeafs zone.
8:27 of 2nd period - Icing by Pavel Datsyuk.
8:28 of 2nd period - Brock Nelson wins face-off versus Mike Hoffman in Senators zone.
8:56 of 2nd period - Shot by Marko Dano.
8:56 of 2nd period - Stopped by Petr Mrazek with a rebound.
9:04 of 2nd period - Shot by Steve Bernier.
9:04 of 2nd period - Stopped by Petr Mrazek without a rebound.
9:05 of 2nd period - Sidney Crosby wins face-off versus Riley Sheahan in MapleLeafs zone.
9:05 of 2nd period - Pascal Dupuis is hit by Travis Hamonic and loses puck.
9:36 of 2nd period - Shot by Michael Grabner.
9:36 of 2nd period - Shot Misses the Net.
9:53 of 2nd period - Mark Stone is hit by Nick Holden and loses puck.
9:59 of 2nd period - Off-side.
10:00 of 2nd period - Milan Lucic wins face-off versus Mike Hoffman in neutral zone.
10:15 of 2nd period - Shot by Jiri Sekac.
10:15 of 2nd period - Stopped by Tuukka Rask without a rebound.
10:16 of 2nd period - Marko Dano wins face-off versus Antoine Roussel in Senators zone.
10:42 of 2nd period - Off-side.
10:43 of 2nd period - Riley Sheahan wins face-off versus Mike Hoffman in neutral zone.
10:43 of 2nd period - Michael Del Zotto is hit by Mika Zibanejad and loses puck.
10:44 of 2nd period - Michael Del Zotto from MapleLeafs is injured at 10:44 of 2nd period (Right Hand).
10:45 of 2nd period - Mike Hoffman wins face-off versus Brock Nelson in neutral zone.
10:48 of 2nd period - Shot by Mika Zibanejad.
10:48 of 2nd period - Deflect By Pavel Datsyuk.
10:48 of 2nd period - Stopped by Petr Mrazek without a rebound.
10:49 of 2nd period - Milan Lucic wins face-off versus Mike Hoffman in MapleLeafs zone.
10:51 of 2nd period - Icing by Marcus Johansson.
10:52 of 2nd period - Milan Lucic wins face-off versus Mike Hoffman in MapleLeafs zone.
11:58 of 2nd period - Shot by Sidney Crosby.
11:58 of 2nd period - Stopped by Petr Mrazek without a rebound.
11:59 of 2nd period - Marko Dano wins face-off versus Riley Sheahan in MapleLeafs zone.
12:15 of 2nd period - Icing by Nick Leddy.
12:16 of 2nd period - Riley Sheahan wins face-off versus Sidney Crosby in MapleLeafs zone.
13:26 of 2nd period - Off-side.
13:27 of 2nd period - Brock Nelson wins face-off versus Mike Hoffman in neutral zone.
13:49 of 2nd period - Shot by Milan Lucic.
13:49 of 2nd period - Shot Misses the Net.
14:56 of 2nd period - Shot by Milan Michalek.
14:56 of 2nd period - Shot Misses the Net.
14:58 of 2nd period - Shot by Jared Cowen.
14:58 of 2nd period - Stopped by Petr Mrazek with a rebound.
15:00 of 2nd period - Shot by Steve Bernier.
15:00 of 2nd period - Stopped by Petr Mrazek with a rebound.
15:02 of 2nd period - Shot by Steve Bernier.
15:02 of 2nd period - Stopped by Petr Mrazek without a rebound.
15:03 of 2nd period - Sidney Crosby wins face-off versus Riley Sheahan in MapleLeafs zone.
15:06 of 2nd period - Shot by Sidney Crosby.
15:06 of 2nd period - Stopped by Petr Mrazek without a rebound.
15:07 of 2nd period - Riley Sheahan wins face-off versus Sidney Crosby in MapleLeafs zone.
15:34 of 2nd period - Shot by Riley Sheahan.
15:34 of 2nd period - Stopped by Tuukka Rask without a rebound.
15:35 of 2nd period - Marko Dano wins face-off versus Brock Nelson in Senators zone.
15:44 of 2nd period - Shot by Marko Dano.
15:44 of 2nd period - Shot Misses the Net.
15:49 of 2nd period - Nick Leddy is hit by Steve Bernier and loses puck.
16:21 of 2nd period - Off-side.
16:22 of 2nd period - Sidney Crosby wins face-off versus Matt Martin in neutral zone.
17:57 of 2nd period - Marko Dano is hit by Jay Bouwmeester.
18:35 of 2nd period - Shot by David Clarkson.
18:35 of 2nd period - Shot Blocked by Jared Cowen.
18:56 of 2nd period - Jared Cowen is hit by Antoine Roussel and loses puck.
19:31 of 2nd period - Shot by Michael Grabner.
19:31 of 2nd period - Shot Blocked by Jason Garrison.
Goals for this period are 0 for Senators vs 0 for MapleLeafs.
Shots for this period are 15 for Senators vs 7 for MapleLeafs.

3rd period


0:01 of 3rd period - Mike Hoffman wins face-off versus Brock Nelson in neutral zone.
1:00 of 3rd period - Shot by Pascal Dupuis.
1:00 of 3rd period - Stopped by Petr Mrazek without a rebound.
1:01 of 3rd period - Marko Dano wins face-off versus Antoine Roussel in MapleLeafs zone.
1:35 of 3rd period - Icing by Duncan Keith.
1:36 of 3rd period - Riley Sheahan wins face-off versus Marko Dano in Senators zone.
2:00 of 3rd period - Icing by Travis Hamonic.
2:01 of 3rd period - Mike Hoffman wins face-off versus Riley Sheahan in MapleLeafs zone.
2:04 of 3rd period - Shot by Pavel Datsyuk.
2:04 of 3rd period - Stopped by Petr Mrazek without a rebound.
2:05 of 3rd period - Brock Nelson wins face-off versus Mike Hoffman in MapleLeafs zone.
2:32 of 3rd period - Shot by Nick Leddy.
2:32 of 3rd period - Stopped by Tuukka Rask without a rebound.
2:33 of 3rd period - Sidney Crosby wins face-off versus Riley Sheahan in Senators zone.
2:49 of 3rd period - Shot by Michael Grabner.
2:49 of 3rd period - Stopped by Tuukka Rask with a rebound.
3:34 of 3rd period - Icing by Brock Nelson.
3:35 of 3rd period - Brock Nelson wins face-off versus Mike Hoffman in MapleLeafs zone.
3:43 of 3rd period - Minor Penalty to Brock Nelson for High sticking.
3:44 of 3rd period - Milan Lucic wins face-off versus Mike Hoffman in MapleLeafs zone.
3:53 of 3rd period - Shot by Mike Hoffman.
3:53 of 3rd period - Stopped by Petr Mrazek with a rebound.
4:13 of 3rd period - Shot by Mike Hoffman.
4:13 of 3rd period - Stopped by Petr Mrazek without a rebound.
4:14 of 3rd period - Sidney Crosby wins face-off versus Marcus Johansson in MapleLeafs zone.
4:25 of 3rd period - Shot by Jared Cowen.
4:25 of 3rd period - Stopped by Petr Mrazek without a rebound.
4:26 of 3rd period - Sidney Crosby wins face-off versus Marcus Johansson in MapleLeafs zone.
5:21 of 3rd period - Shot by Michael Grabner.
5:21 of 3rd period - Stopped by Tuukka Rask without a rebound.
5:22 of 3rd period - Milan Lucic wins face-off versus Mike Hoffman in Senators zone.
6:56 of 3rd period - Shot by Pavel Datsyuk.
6:56 of 3rd period - Stopped by Petr Mrazek without a rebound.
6:57 of 3rd period - Sidney Crosby wins face-off versus David Clarkson in MapleLeafs zone.
7:00 of 3rd period - Shot by Sidney Crosby.
7:00 of 3rd period - Shot Misses the Net.
8:36 of 3rd period - Shot by Mike Hoffman.
8:36 of 3rd period - Shot Blocked by Nick Leddy.
8:38 of 3rd period - Shot by Mika Zibanejad.
8:38 of 3rd period - Shot Hit the Post.
9:20 of 3rd period - Shot by Michael Grabner.
9:20 of 3rd period - Shot Misses the Net.
9:22 of 3rd period - Shot by Michael Grabner.
9:22 of 3rd period - Shot Blocked by Milan Michalek.
9:24 of 3rd period - Shot by Travis Hamonic.
9:24 of 3rd period - Stopped by Tuukka Rask without a rebound.
9:25 of 3rd period - Sidney Crosby wins face-off versus Antoine Roussel in Senators zone.
9:43 of 3rd period - Mark Stone is hit by Travis Hamonic and loses puck.
10:05 of 3rd period - Icing by Travis Hamonic.
10:06 of 3rd period - Antoine Roussel wins face-off versus Mike Hoffman in MapleLeafs zone.
10:38 of 3rd period - Shot by Marcus Johansson.
10:38 of 3rd period - Stopped by Tuukka Rask with a rebound.
10:40 of 3rd period - Shot by Jay Bouwmeester.
10:40 of 3rd period - Stopped by Tuukka Rask without a rebound.
10:41 of 3rd period - Brock Nelson wins face-off versus Marko Dano in Senators zone.
10:44 of 3rd period - Shot by Milan Lucic.
10:44 of 3rd period - Shot Misses the Net.
11:15 of 3rd period - Marcus Johansson is hit by Jan Hejda and loses puck.
11:52 of 3rd period - Icing by Sergei Gonchar.
11:53 of 3rd period - Sidney Crosby wins face-off versus Riley Sheahan in Senators zone.
11:53 of 3rd period - Sidney Crosby is hit by Matt Martin.
12:00 of 3rd period - Riley Sheahan is hit by Jared Cowen and loses puck.
12:11 of 3rd period - Shot by Sidney Crosby.
12:11 of 3rd period - Shot Misses the Net.
12:14 of 3rd period - Mark Stone is hit by Eric Gelinas and loses puck.
12:40 of 3rd period - Icing by Jan Hejda.
12:41 of 3rd period - Jiri Sekac wins face-off versus Mike Hoffman in Senators zone.
12:58 of 3rd period - Shot by Pavel Datsyuk.
12:58 of 3rd period - Goal by Pavel Datsyuk - Senators : 3 - MapleLeafs : 1.
12:59 of 3rd period - Marko Dano wins face-off versus Matt Martin in neutral zone.
13:07 of 3rd period - Icing by Nick Leddy.
13:08 of 3rd period - Sidney Crosby wins face-off versus Antoine Roussel in MapleLeafs zone.
13:19 of 3rd period - Shot by Sidney Crosby.
13:19 of 3rd period - Deflect By Pascal Dupuis.
13:19 of 3rd period - Stopped by Petr Mrazek without a rebound.
13:20 of 3rd period - Pavel Datsyuk wins face-off versus Brock Nelson in MapleLeafs zone.
13:33 of 3rd period - Shot by Mika Zibanejad.
13:33 of 3rd period - Stopped by Petr Mrazek with a rebound.
13:35 of 3rd period - Shot by Mika Zibanejad.
13:35 of 3rd period - Stopped by Petr Mrazek without a rebound.
13:36 of 3rd period - Riley Sheahan wins face-off versus Sidney Crosby in MapleLeafs zone.
13:36 of 3rd period - Riley Sheahan is hit by Pascal Dupuis.
14:26 of 3rd period - Sidney Crosby is hit by Milan Lucic.
14:45 of 3rd period - Minor Penalty to Mika Zibanejad for Roughing.
14:46 of 3rd period - Brock Nelson wins face-off versus Marko Dano in Senators zone.
14:46 of 3rd period - Brock Nelson is hit by Jan Hejda.
14:52 of 3rd period - Shot by Milan Lucic.
14:52 of 3rd period - Shot Misses the Net.
14:54 of 3rd period - Shot by Brock Nelson.
14:54 of 3rd period - Shot Misses the Net.
14:56 of 3rd period - Shot by Eric Gelinas.
14:56 of 3rd period - Stopped by Tuukka Rask without a rebound.
14:57 of 3rd period - Matt Read wins face-off versus Riley Sheahan in Senators zone.
15:45 of 3rd period - Shot by Nick Holden.
15:45 of 3rd period - Shot Misses the Net.
15:47 of 3rd period - Shot by Travis Hamonic.
15:47 of 3rd period - Shot Misses the Net.
15:49 of 3rd period - Shot by Nick Holden.
15:49 of 3rd period - Stopped by Tuukka Rask with a rebound.
15:51 of 3rd period - Shot by Brock Nelson.
15:51 of 3rd period - Stopped by Tuukka Rask without a rebound.
15:52 of 3rd period - Brock Nelson wins face-off versus Matt Read in Senators zone.
15:59 of 3rd period - Shot by Travis Hamonic.
15:59 of 3rd period - Shot Misses the Net.
16:57 of 3rd period - Icing by Sidney Crosby.
16:58 of 3rd period - Riley Sheahan wins face-off versus Sidney Crosby in Senators zone.
17:01 of 3rd period - Shot by David Clarkson.
17:01 of 3rd period - Stopped by Tuukka Rask without a rebound.
17:02 of 3rd period - Riley Sheahan wins face-off versus Mike Hoffman in Senators zone.
17:15 of 3rd period - Shot by Michael Grabner.
17:15 of 3rd period - Stopped by Tuukka Rask without a rebound.
17:16 of 3rd period - Milan Lucic wins face-off versus Sidney Crosby in Senators zone.
17:31 of 3rd period - Shot by Marcus Johansson.
17:31 of 3rd period - Stopped by Tuukka Rask without a rebound.
17:32 of 3rd period - Riley Sheahan wins face-off versus Mike Hoffman in Senators zone.
17:35 of 3rd period - Shot by Michael Grabner.
17:35 of 3rd period - Shot Misses the Net.
18:12 of 3rd period - Shot by Travis Hamonic.
18:12 of 3rd period - Stopped by Tuukka Rask without a rebound.
18:13 of 3rd period - Sidney Crosby wins face-off versus Brock Nelson in Senators zone.
19:30 of 3rd period - Shot by David Clarkson.
19:30 of 3rd period - Shot Misses the Net.
19:54 of 3rd period - Icing by Jay Bouwmeester.
19:55 of 3rd period - Antoine Roussel wins face-off versus Mike Hoffman in MapleLeafs zone.
Goals for this period are 1 for Senators vs 0 for MapleLeafs.
Shots for this period are 10 for Senators vs 13 for MapleLeafs.